 Dungeon Crawl Stone Soup version 0.23-a0-82-gdf0b57c211 (webtiles) character file.

58 Oravi the Gusty (level 4, 0/24 HPs)
             Began as a Tengu Air Elementalist on Aug 13, 2018.
             Succumbed to a kobold's poison
             ... on level 3 of the Dungeon.
             The game lasted 00:09:43 (2917 turns).

Oravi the Gusty (Tengu Air Elementalist)            Turns: 2917, Time: 00:09:44

Health: 0/24       AC:  2    Str:  9    XL:     4   Next: 2%
Magic:  9/9        EV: 12    Int: 16    God:
Gold:   125        SH:  0    Dex: 14    Spells: 2/8 levels left

rFire    . . .     SeeInvis .   f - +0 dagger (venom)
rCold    . . .     Gourm    .   (no shield)
rNeg     . . .     Faith    .   a - +0 robe
rPois    .         Spirit   .   (helmet restricted)
rElec    .         Reflect  .   (no cloak)
rCorr    .         Harm     .   (no gloves)
MR       .....                  (boots unavailable)
Stlth    ++........             (no amulet)
HPRegen  0.08/turn              (no ring)
MPRegen  0.11/turn              (no ring)

@: lethally poisoned (0 -> -6)
A: beak, talons 3
a: no special abilities


You were on level 3 of the Dungeon.
You were not hungry.

You visited 1 branch of the dungeon, and saw 3 of its levels.

You collected 125 gold pieces.

Inventory:

Hand Weapons
 b - a +0 whip
 e - a +0 short sword
 f - a +0 dagger of venom (weapon)
Missiles
 d - 70 stones (quivered)
 m - 17 poisoned needles
Armour
 a - a +0 robe (worn)
 h - a +0 ring mail
 j - a +0 leather armour
Scrolls
 g - a scroll of random uselessness
 k - a scroll of identify
 l - a scroll of remove curse
 n - 2 scrolls of fog {unknown}
 o - a scroll of enchant weapon {unknown}
 r - a scroll of immolation {unknown}
Potions
 p - 3 potions of flight
Comestibles
 c - 4 rations


   Skills:
 - Level 2.1 Dodging
 - Level 2.0 Stealth
 + Level 2.7 Spellcasting
 + Level 3.0 Conjurations
 + Level 4.9 Air Magic


You had 2 spell levels left.
You knew the following spells:

 Your Spells              Type           Power        Failure   Level  Hunger
a - Shock                 Conj/Air       ##..         3%          1    #......
b - Swiftness             Chrm/Air       ##......     11%         2    ##.....
c - Static Discharge      Conj/Air       ##......     11%         3    ###....

Your spell library contained the following spells:

 Spells                   Type           Power        Failure   Level  Hunger
 Lightning Bolt           Conj/Air       ##........   71%         5    ######.
 Airstrike                Air            ###.......   26%         4    #####..


Dungeon Overview and Level Annotations

Branches:
Dungeon (3/15)

Altars:
Kikubaaqudgha

Annotations:
D:2 exclusions: centaur and door


Innate Abilities, Weirdness & Mutations

You have a beak for a mouth.
You have claws for feet.


Message History

You feel sick.
* * * LOW HITPOINT WARNING * * *
You feel sick.
* * * LOW HITPOINT WARNING * * *
You feel sick.
* * * LOW HITPOINT WARNING * * *
You feel sick.
* * * LOW HITPOINT WARNING * * *
You feel sick.
Things that are here:
a blowgun; a kobold corpse
* * * LOW HITPOINT WARNING * * *
You feel sick.
* * * LOW HITPOINT WARNING * * *
You feel sick.
* * * LOW HITPOINT WARNING * * *
You feel sick.
* * * LOW HITPOINT WARNING * * *
You feel sick.
You die...

# . .. #
##..#####
........
######.#(
#..#..##
#........
#.......
#@#
#......#
#.#
#.......
#.##
####..#.###
#..#
...........
##.#
######.###
#.# ##'##
#.# ##...##
#.###
##.....#
#####)#.##
##.......


There were no monsters in sight!

Vanquished Creatures
  An ooze (D:1)
  A worm (D:3)
  3 dart slugs
  A leopard gecko (D:1)
  5 goblins
  4 hobgoblins
  6 jackals
  3 quokkas (D:2)
  A ball python (D:2)
  3 bats
  2 frilled lizards
  4 kobolds
  9 rats
  A rat zombie (D:2)
44 creatures vanquished.

Notes
Turn   | Place    | Note
-------+----------+-------------------------------------------
     0 | D:1      | Oravi the Tengu Air Elementalist began the quest for the Orb.
     0 | D:1      | Reached XP level 1. HP: 10/10 MP: 4/4
   178 | D:1      | Reached XP level 2. HP: 15/15 MP: 4/6
   182 | D:1      | Learned a level 2 spell: Swiftness
   827 | D:1      | Reached XP level 3. HP: 19/19 MP: 7/7
   832 | D:1      | Learned a level 3 spell: Static Discharge
  1569 | D:2      | Noticed a centaur
  2115 | D:2      | Found an ancient bone altar of Kikubaaqudgha.
  2838 | D:3      | Reached XP level 4. HP: 24/24 MP: 9/9
  2915 | D:3      | HP: 1/24 [poisoned by a kobold]
  2917 | D:3      | Succumbed to a kobold's poison

Vault maps used:
D:1:      dpeg_arrival_subterranean_lakeside_camping
D:2:      lemuel_zombie_altar_kikubaaqudgha
D:3:      corexii_hall_statues_s

Skill      XL: |  1  2  3 |
---------------+----------+-----
Conjurations   | 2 3 |  3.0
Dodging        | |  2.1
Stealth        | |  2.0
Spellcasting   | |  2.7
Air Magic      | |  4.9

Action                   |  1- 3 |  4- 6 || total
-------------------------+-------+-------++-------
Melee: Whip              |     9 |       ||     9
       Kick              |    22 |     1 ||    23
       Dagger            |    49 |     4 ||    53
       Peck              |     2 |     1 ||     3
Throw: Stone             |    72 |    11 ||    83
 Cast: Shock             |    38 |     1 ||    39
  Use: Scroll            |     4 |       ||     4
  Eat: Chunk             |     6 |     1 ||     7
Armor: Robe              |     7 |     2 ||     9
Dodge: Dodged            |    30 |     4 ||    34

Table legend:
 A = Non-vault XP
 B = Vault XP
 C = Vault XP percentage of total XP
 D = Non-vault monster count
 E = Vault monster count
 F = Vault count percentage of total count
 G = Total turns spent on level
                 A         B        C        D         E       F
            +---------+---------+-------+---------+---------+-------
      Total |      75 |       9 |  10.7 |      37 |       7 |  15.9
            +---------+---------+-------+---------+---------+-------
        D:1 |      40 |       8 |  16.7 |      20 |       6 |  23.1
        D:2 |      25 |       1 |   3.8 |      12 |       1 |   7.7
        D:3 |      10 |       0 |   0.0 |       5 |       0 |   0.0
            +---------+---------+-------+---------+---------+-------
